 Dungeon Crawl Stone Soup version 0.22.0-38-g04b72b8 (webtiles) character file.

55806 OmyPony the Severer (level 14, -5/132 HPs)
             Began as a Minotaur Fighter on Aug 25, 2018.
             Was a High Priest of Qazlal.
             Slain by a reaper
             ... wielding a +1 scythe of protection
              (26 damage)
             ... on level 2 of the Abyss.
             The game lasted 01:37:30 (18886 turns).

OmyPony the Severer (Minotaur Fighter)             Turns: 18886, Time: 01:37:30

Health: -5/132     AC: 19    Str: 25    XL:     14   Next: 39%
Magic:  0/19       EV:  8    Int:  1    God:    Qazlal [*****.]
Gold:   1829       SH: 20    Dex: 11    Spells: 13/13 levels left

rFire    + . .     SeeInvis .   a - +1 broad axe (elec)
rCold    . . .     Gourm    .   c - +1 shield
rNeg     . . .     Faith    .   P - +1 plate armour {rPois}
rPois    +         Spirit   +   (helmet restricted)
rElec    +         Reflect  .   u - +2 cloak
rCorr    .         Harm     .   t - +2 pair of gloves
MR       +....     NoTele   +   (no boots)
Stlth    ..........             V - amulet of Suakes {Spirit rF+}
HPRegen  0.32/turn              s - +4 ring of strength
MPRegen  0.16/turn              j - ring of Rafeiwe {-Tele rElec Str+2 Slay+3 Stlth-}

@: protected from electricity, repel missiles
A: retaliatory headbutt, horns 2, agile 1, blurry vision 1, [clumsy 2],
[deformed body], [deterioration 1], dopey 1[+1], [teleportitis 2], [weak 2],
[subdued magic 1]
a: Upheaval, Elemental Force, Disaster Area, Renounce Religion


You were on level 2 of the Abyss.
You worshipped Qazlal.
Qazlal was extremely pleased with you.
You were hungry.

You visited 6 branches of the dungeon, and saw 23 of its levels.
You visited the Abyss 1 time.

You collected 1829 gold pieces.

Inventory:

Hand Weapons
 a - a +1 broad axe of electrocution (weapon)
 B - a +2 hunting sling of velocity
 N - a +5 war axe
Missiles
 b - 7 curare-tipped needles
 p - 457 stones (quivered)
 E - 40 poisoned needles
 I - 19 tomahawks
 L - 4 tomahawks of returning
Armour
 c - a +1 shield (worn)
 n - a +0 plate armour
 t - a +2 pair of gloves (worn)
 u - a +2 cloak (worn)
 P - a +1 plate armour of poison resistance (worn)
Jewellery
 h - an uncursed ring of flight
 i - an uncursed amulet of faith
 j - the ring of Rafeiwe (right hand) {-Tele rElec Str+2 Slay+3 Stlth-}
   (You found it on level 5 of the Lair of Beasts)

   [ring of attention]

   It affects your strength (+2).
   It affects your accuracy and damage with ranged weapons and melee attacks
   (+3).
   It insulates you from electricity.
   It prevents most forms of teleportation.
   It makes you less stealthy.
 m - a +4 ring of protection
 s - a +4 ring of strength (left hand)
 y - a +5 ring of slaying
 H - a +4 ring of intelligence
 S - an uncursed amulet of regeneration
 V - the amulet of Suakes (around neck) {Spirit rF+}
   (You found it on level 4 of the Lair of Beasts)

   [amulet of guardian spirit]

   It causes incoming damage to be split between your health and magic.
   It protects you from fire.
 Z - an uncursed ring of poison resistance
Wands
 D - a wand of enslavement (17)
 M - a wand of iceblast (28)
 Q - a wand of scattershot (7)
 T - a wand of digging (8)
Scrolls
 k - 6 scrolls of amnesia
 o - 6 scrolls of remove curse
 r - 3 scrolls of teleportation
 w - 2 scrolls of fear
 x - 4 scrolls of fog
 F - a scroll of vulnerability
 R - 4 scrolls of blinking
Potions
 d - 3 potions of might
 e - 3 potions of curing
 g - 5 potions of haste
 q - 3 potions of brilliance
 v - a potion of berserk rage
 z - 2 potions of resistance
 A - 2 potions of invisibility
 J - a potion of cancellation
 K - 4 potions of agility
 O - 2 potions of flight
Comestibles
 f - 34 rations


   Skills:
 * Level 14.2 Fighting
 + Level 16.2 Axes
 * Level 14.3 Armour
 + Level 2.1 Dodging
 + Level 0.5 Stealth
 + Level 12.1 Shields
 * Level 8.2 Invocations


You had 13 spell levels left.
You didn't know any spells.
Your spell library contained the following spells:

 Spells                   Type           Power        Failure   Level  Hunger
 Animate Skeleton         Necr           N/A          100%        1    ##.....
 Apportation              Tloc           #.....       100%        1    ##.....
 Beastly Appendage        Tmut           #.....       100%        1    ##.....
 Confusing Touch          Hex            #.....       100%        1    ##.....
 Pain                     Necr           #...         100%        1    ##.....
 Summon Butterflies       Summ           #.......     100%        1    ##.....
 Summon Small Mammal      Summ           #...         100%        1    ##.....
 Sticks to Snakes         Tmut           #.......     100%        2    ###....
 Lesser Beckoning         Tloc           #.........   100%        3    ####...
 Regeneration             Chrm/Necr      #.........   100%        3    ####...
 Spider Form              Tmut/Pois      #.........   100%        3    ####...
 Tukima's Dance           Hex            #.......     100%        3    ####...
 Vampiric Draining        Necr           #.........   100%        3    ####...
 Animate Dead             Necr           N/A          100%        4    #####..
 Ice Form                 Ice/Tmut       #.......     100%        4    #####..
 Alistair's Intoxication  Tmut/Pois      #.......     100%        5    ######.
 Blade Hands              Tmut           #.........   100%        5    ######.
 Invisibility             Hex            #.......     100%        6    #######


Dungeon Overview and Level Annotations

Branches:
Dungeon (11/15)            Temple (1/1) D:5            Lair (6/6) D:10
  Swamp (0/4) Lair:3        Snake (0/4) Lair:3        Slime (2/5) Lair:5
    Orc (2/2) D:11            Elf (1/3) Orc:2

Altars:
Ashenzari
Fedhas
Gozag
Hepliaklqana
Kikubaaqudgha
Makhleb
Okawaru
Qazlal
Ru
Sif Muna
Trog
Uskayaw
Wu Jian
Xom
The Shining One
Jiyva

Shops:
D:5 [*(!(   D:9 (   Orc:2 %[=

Annotations:
Lair:1 exclusion: oklob plant


Innate Abilities, Weirdness & Mutations

You reflexively headbutt those who attack you in melee.
You have a pair of horns on your head.
You are agile. (Dex +2)
Scrolls take you a little longer to read.
[You are very clumsy. (Dex -4)]
[Armour fits poorly on your strangely shaped body.]
[Your body sometimes deteriorates upon taking damage.]
[You are very dopey. (Int -4)]
[You are sometimes teleported next to monsters.]
[You are very weak. (Str -4)]
[Your spells are a little easier to cast, but a little less powerful.]


Message History

Qazlal accepts your kill.
The cutting wind hits the sixfirhy.
You kill the sixfirhy!
Qazlal accepts your kill.
The cutting wind hits the wretched star.
The wretched star gets badly buffeted.
You destroy the wretched star!
Qazlal accepts your kill.
You feel the corruption within you wane somewhat.
You feel more energetic.
You feel a little healthier.
Your connection to magic feels less subdued.
You feel more energetic. The reaper barely misses you.
You block the chaos spawn's attack. The white imp gestures at you.
You block the puff of frost.
You hit the chaos spawn.
The chaos spawn is almost dead.
You block the chaos spawn's attack.
The reaper hits you from afar with a scythe of protection!!
You die...

##...§. .# #. # ...
#.#.#### .
#####...4#..# #.....
.##..# # # #
##.≈.##. ..#.#.# .
#.#..≈..###...#.##.#
#. #
...#.#..###........
. . ...##.§≈.4§5#.##
## # .
...#@.2†.....# . .
.#.. #.§#.#####..
##.#. . ..##### ...
#. #...## . #.## .
.. . . . .# # .# .


You could see a reaper, a chaos spawn and a white imp.

Vanquished Creatures
  A bone dragon (Abyss:2)
  A tentacled starspawn (Abyss:2)
  Donald (Orc:2)
  An azure jelly (Slime:2)
  A deep elf death mage (Elf:1)
  3 hydras
  Erica (D:10)
  3 death yaks (Lair:5)
  3 orc high priests (Orc:2)
  A wretched star (Abyss:2)
  A sixfirhy (Abyss:2)
  An unseen horror (D:10)
  2 starcursed masses (Abyss:2)
  4 orc knights (Orc:2)
  3 orc sorcerers (Orc:2)
  7 black mambas
  2 gargoyles
  6 elephants (Lair:6)
  8 spiny frogs
  A torpor snail (Lair:6)
  12 rime drakes
  5 komodo dragons
  2 trolls
  A tyrant leech (Lair:3)
  2 hornets
  Prince Ribbit (D:9)
  3 slime creatures (Slime:1)
  7 blink frogs
  6 hippogriffs
  4 flying skulls (Abyss:2)
  A spriggan (D:7)
  31 yaks
  3 wyverns
  Grum (D:10)
  6 steam dragons (Lair:3)
  A large abomination (Abyss:2)
  A basilisk (Lair:5)
  4 vampire mosquitoes (D:10)
  4 nagas (Lair:3)
  2 acid dragons
  4 water moccasins
  9 porcupines
  Duvessa (D:7)
  2 sky beasts
  A necrophage (D:10)
  An ice beast (D:6)
  19 orc warriors
  2 phantoms
  An eye of draining (D:11)
  12 ogres
  16 wolves
  5 centaurs
  13 crocodiles
  A big kobold (D:10)
  A gnoll sergeant (D:5)
  20 bullfrogs
  A scorpion (D:6)
  A wyvern skeleton (D:9)
  Dowan (D:7)
  6 killer bees (D:7)
  5 howler monkeys
  11 wights
  5 crimson imps
  2 bullfrog zombies (D:8)
  3 hounds
  37 orc wizards
  17 orc priests
  3 bullfrog skeletons
  A centaur skeleton (D:5)
  4 jellies
  An iron imp (Abyss:2)
  Jessica (D:3)
  An iguana (D:11)
  5 worker ants
  A small abomination (Abyss:2)
  A hound zombie (D:5)
  A howler monkey zombie (D:8)
  14 adders
  8 gnolls
  3 shadow imps
  2 oozes
  2 adder zombies
  7 worms
  2 dart slugs
  3 leopard geckos
  96 orcs
  4 giant cockroaches
  12 goblins
  9 hobgoblins
  8 jackals
  10 kobolds
  3 quokkas
  A ball python (D:1)
  12 bats
  2 frilled lizards
  A jackal skeleton (D:7)
  2 quokka skeletons
  4 rats
  A bush (D:6)
  A butterfly (Lair:6)
  2 fungi
  4 plants
  A starspawn tentacle (Abyss:2)
578 creatures vanquished.

Vanquished Creatures (others)
  An orc (Orc:2)
  A fungus (Lair:6)
  12 plants
  A starspawn tentacle (Abyss:2)
15 creatures vanquished.

Grand Total: 593 creatures vanquished

Notes
Turn   | Place    | Note
-------+----------+-------------------------------------------
     0 | D:1      | OmyPony the Minotaur Fighter began the quest for the Orb.
     0 | D:1      | Reached XP level 1. HP: 19/19 MP: 0/0
   184 | D:1      | Reached XP level 2. HP: 26/27 MP: 1/1
   824 | D:2      | Reached XP level 3. HP: 33/33 MP: 2/2
   848 | D:2      | Reached skill level 3 in Axes
   993 | D:2      | Reached XP level 4. HP: 40/40 MP: 3/3
  1218 | D:2      | Reached skill level 4 in Axes
  1594 | D:3      | Reached skill level 5 in Axes
  1594 | D:3      | Reached XP level 5. HP: 31/46 MP: 4/4
  1819 | D:3      | Noticed Jessica
  1826 | D:3      | Killed Jessica
  1909 | D:3      | Found an ancient bone altar of Kikubaaqudgha.
  1909 | D:3      | Noticed a human
  2220 | D:4      | Noticed a phantom
  2257 | D:4      | Killed a phantom
  2257 | D:4      | Reached skill level 6 in Axes
  2257 | D:4      | Reached XP level 6. HP: 53/53 MP: 5/5
  2479 | D:4      | Reached skill level 7 in Axes
  2787 | D:4      | Reached XP level 7. HP: 54/60 MP: 6/6
  2796 | D:4      | Reached skill level 5 in Shields
  2800 | D:4      | Reached skill level 5 in Armour
  3164 | D:5      | Entered Level 5 of the Dungeon
  3179 | D:5      | Found a shimmering altar of Xom.
  3204 | D:5      | Reached skill level 5 in Fighting
  3217 | D:5      | Reached skill level 8 in Axes
  3250 | D:5      | Found Cividghia's Distillery.
  3291 | D:5      | Found a staircase to the Ecumenical Temple.
  3304 | Temple   | Entered the Ecumenical Temple
  3329 | Temple   | Became a worshipper of Qazlal Stormbringer
  3398 | D:5      | Found Pioxtoqir's Assorted Antiques.
  3503 | D:5      | Found Jeimopt's Weapon Emporium.
  3552 | D:5      | Found a deep blue altar of Sif Muna.
  3717 | D:5      | Reached XP level 8. HP: 41/68 MP: 7/7
  3852 | D:5      | Reached skill level 1 in Dodging
  4064 | D:5      | Found Pyhawoum's Weapon Shoppe.
  4127 | D:5      | Found Lydas's Armour Emporium.
  4490 | D:6      | Reached skill level 9 in Axes
  4705 | D:6      | Reached * piety under Qazlal
  4914 | D:6      | Found a blossoming altar of Fedhas.
  4914 | D:6      | Found a sacrificial altar of Ru.
  4914 | D:6      | Found a hide-covered altar of Uskayaw.
  4970 | D:6      | Reached skill level 10 in Axes
  5182 | D:7      | Reached XP level 9. HP: 70/75 MP: 8/8
  5242 | D:7      | Noticed Dowan
  5252 | D:7      | Killed Dowan
  5954 | D:7      | Found an iron altar of Okawaru.
  5955 | D:7      | Found a bloodstained altar of Trog.
  5957 | D:7      | Reached skill level 11 in Axes
  6316 | D:7      | Noticed Duvessa
  6328 | D:7      | Killed Duvessa
  6343 | D:7      | Reached ** piety under Qazlal
  7361 | D:8      | Reached XP level 10. HP: 88/88 MP: 9/9
  7554 | D:9      | Found Dioheo's Weapon Boutique.
  7932 | D:9      | Reached skill level 12 in Axes
  8588 | D:9      | Reached *** piety under Qazlal
  8626 | D:9      | Noticed Prince Ribbit
  8633 | D:9      | Killed Prince Ribbit
  8633 | D:9      | Reached skill level 10 in Armour
  8675 | D:9      | Found a hazy altar of Hepliaklqana.
  8973 | D:10     | Entered Level 10 of the Dungeon
  9079 | D:10     | Killed an unseen horror
  9293 | D:10     | Reached skill level 1 in Invocations
  9374 | D:10     | Reached skill level 13 in Axes
  9628 | D:10     | Reached XP level 11. HP: 88/97 MP: 10/10
  9669 | D:10     | Found a staircase to the Lair.
  9680 | Lair:1   | Entered Level 1 of the Lair of Beasts
  9807 | Lair:1   | Reached **** piety under Qazlal
  9838 | Lair:1   | Noticed a four-headed hydra
  9849 | Lair:1   | Killed an eight-headed hydra
 10015 | Lair:1   | Noticed an oklob plant
 10038 | Lair:1   | Reached skill level 10 in Fighting
 11613 | Lair:3   | Reached ***** piety under Qazlal
 11632 | Lair:3   | Reached skill level 14 in Axes
 11679 | Lair:3   | Reached XP level 12. HP: 98/108 MP: 14/14
 11736 | Lair:3   | Found a staircase to the Snake Pit.
 12384 | Lair:3   | Found a staircase to the Swamp.
 12857 | Lair:4   | Reached skill level 5 in Invocations
 13523 | Lair:4   | Got a brightly glowing diamond amulet
 13526 | Lair:4   | Identified the amulet of Suakes {Spirit rF+} (You found it on level 4 of the Lair of Beasts)
 13653 | Lair:5   | Reached skill level 10 in Shields
 13796 | Lair:5   | Gained mutation: You evolve. [potion of mutation]
 13796 | Lair:5   | Gained mutation: You have supernaturally acute eyesight. (SInv) [potion of mutation]
 13796 | Lair:5   | Lost mutation: You have supernaturally acute eyesight. (SInv) [potion of mutation]
 13796 | Lair:5   | Gained mutation: You are resistant to hostile enchantments. (MR+) [potion of mutation]
 13939 | Lair:5   | Got a shimmering jade ring
 14075 | Lair:5   | Noticed an eight-headed hydra
 14084 | Lair:5   | Killed a 13-headed hydra
 14122 | Lair:5   | Noticed a death yak
 14123 | Lair:5   | Noticed a death yak
 14135 | Lair:5   | Noticed a death yak
 14136 | Lair:5   | Killed a death yak
 14136 | Lair:5   | Killed a death yak
 14148 | Lair:5   | Killed a death yak
 14421 | Lair:5   | Found a viscous altar of Jiyva.
 14422 | Lair:5   | Found a staircase to the Slime Pits.
 14434 | Slime:1  | Entered Level 1 of the Pits of Slime
 14537 | Slime:2  | Noticed an azure jelly
 14549 | Slime:2  | Killed an azure jelly
 14549 | Slime:2  | Reached XP level 13. HP: 83/119 MP: 10/16
 14551 | Slime:2  | Noticed an azure jelly
 14814 | Lair:6   | Entered Level 6 of the Lair of Beasts
 14925 | Lair:5   | Identified the ring of Rafeiwe {-Tele rElec Str+2 Slay+3 Stlth-} (You found it on level 5 of the Lair of Beasts)
 14928 | Lair:5   | Lost mutation: You evolve. [potion of mutation]
 14928 | Lair:5   | Lost mutation: You are resistant to hostile enchantments. (MR+) [potion of mutation]
 14928 | Lair:5   | Gained mutation: You tend to lose your temper in combat. [potion of mutation]
 14928 | Lair:5   | Gained mutation: You have large cloven feet. [potion of mutation]
 14929 | Lair:5   | Lost mutation: You tend to lose your temper in combat. [potion of mutation]
 14929 | Lair:5   | Lost mutation: You have large cloven feet. [potion of mutation]
 14929 | Lair:5   | Gained mutation: [You are dopey. (Int -2)] [potion of mutation]
 14929 | Lair:5   | Gained mutation: Scrolls take you a little longer to read. [potion of mutation]
 14929 | Lair:5   | Gained mutation: You are agile. (Dex +2) [potion of mutation]
 15425 | Lair:6   | Reached skill level 15 in Axes
 16365 | D:10     | Noticed Erica
 16375 | D:10     | Killed Erica
 16411 | D:10     | Noticed Grum
 16418 | D:10     | Killed Grum
 17279 | D:11     | Reached ****** piety under Qazlal
 17364 | D:11     | Found a staircase to the Orcish Mines.
 17459 | Orc:1    | Entered Level 1 of the Orcish Mines
 17559 | Orc:2    | Entered Level 2 of the Orcish Mines
 17565 | Orc:2    | Noticed Donald
 17585 | Orc:2    | Killed Donald
 17952 | Orc:2    | Found a staircase to the Elven Halls.
 18209 | Orc:2    | Paralysed by an orc sorcerer for 2 turns
 18229 | Orc:2    | Reached XP level 14. HP: 73/130 MP: 12/18
 18231 | Orc:2    | Paralysed by an orc sorcerer for 2 turns
 18252 | Orc:2    | Found Ikoachei's Antique Armour Shop.
 18252 | Orc:2    | Found Went's Food Emporium.
 18434 | Orc:2    | Found Epuahigu's Jewellery Shop.
 18434 | Orc:2    | Found Urgholl's Antique Weapon Emporium.
 18659 | Elf:1    | Entered Level 1 of the Elven Halls
 18671 | Elf:1    | Noticed a Brimstone Fiend
 18676 | Elf:1    | Cast into level 2 of the Abyss (a deep elf demonologist)
 18830 | Abyss:2  | Noticed a starcursed mass
 18834 | Abyss:2  | Noticed a bone dragon
 18843 | Abyss:2  | Noticed a tentacled starspawn
 18852 | Abyss:2  | Killed a tentacled starspawn
 18852 | Abyss:2  | Reached skill level 16 in Axes
 18857 | Abyss:2  | Noticed a reaper
 18861 | Abyss:2  | Killed a bone dragon
 18877 | Abyss:2  | HP: 6/132 [sixfirhy (3)]
 18886 | Abyss:2  | Slain by a reaper

Skill      XL: |  1  2  3  4  5  6  7  8  9 10 11 12 13 14 |
---------------+-------------------------------------------+-----
Fighting       | 4 5 6 7 9 10 12 13 14 | 14.2
Armour         | 4 5 7 9 10 12 13 14 | 14.3
Shields        | 4 5 6 7 9 10 11 12 | 12.1
Axes           | 3 5 6 7 8 10 11 13 14 15 16 | 16.2
Dodging        | 1 2 |  2.1
Invocations    | 1 4 6 7 8 |  8.2
Stealth        | |  0.5

Action                   |  1- 3 |  4- 6 |  7- 9 | 10-12 | 13-15 || total
-------------------------+-------+-------+-------+-------+-------++-------
Melee: War axe           |    86 |   132 |   265 |   509 |   233 ||  1225
       Headbutt          |     9 |    23 |    64 |   121 |   127 ||   344
       Broad axe         |       |       |       |       |   177 ||   177
       Flail             |       |       |       |       |    32 ||    32
Invok: Disaster Area     |       |       |       |       |     1 ||     1
  Use: Scroll            |       |     4 |     5 |    22 |    10 ||    41
       Potion            |       |       |       |     3 |     6 ||     9
  Eat: Chunk             |       |     6 |    11 |    20 |    10 ||    47
       Ration            |       |       |     1 |     1 |     1 ||     3
Armor: Scale mail        |    20 |       |       |       |       ||    20
       Plate armour      |    46 |    86 |   116 |   189 |   166 ||   603
Dodge: Dodged            |    25 |    23 |    46 |    85 |    63 ||   242
       Deflected         |       |       |       |     4 |     4 ||     8
Block: Shield            |    61 |    59 |   124 |   348 |   401 ||   993
